Edmonton Oilers vs New York Rangers
(R1)
Created - Saturday, June 15, 2024 at 06:24
Goals
|
| Edmonton Oilers |
2 |
1 |
0 |
3 |
| New York Rangers |
0 |
1 |
1 |
2 |
|
Shots
|
| Edmonton Oilers |
7 |
13 |
9 |
29 |
| New York Rangers |
7 |
12 |
12 |
31 |
|
1st period
1. Edmonton Oilers , Brock Boeser 2 (Jacob Trouba 2, Tanner Jeannot 2) at 4:50
2. Edmonton Oilers , Boone Jenner 3 (Brock Boeser 4, Adrian Kempe 3) at 19:34
Penalties :
Jake DeBrusk (EDM) for Hooking (Minor) at 13:27
2nd period
3. Edmonton Oilers , Dawson Mercer 2 (Jeff Carter 1, Brandon Carlo 2) at 12:20
4. New York Rangers , Artemi Panarin 6 (Nathan MacKinnon 6, Filip Chytil 2) at 15:42
Penalties :
Ryker Evans (EDM) for Holding (Minor) at 7:41, Gabriel Landeskog (NYR) for Hooking (Minor) at 16:44
3rd period
5. New York Rangers , Filip Chytil 2 (Conor Garland 3, Mikael Granlund 4) at 11:35
Penalties :
Cole Caufield (NYR) for Fighting (Major) at 2:16, Brandon Carlo (EDM) for Fighting (Major) at 2:16, Brett Pesce (EDM) for Interference (Minor) at 12:44, Brett Pesce (EDM) for High sticking (Minor) at 16:48
Goalie Stats
Juuse Saros (EDM), 29 saves from 31 shots - (0.935), W, 2-0-0, 60:00 minutes
Igor Shesterkin (NYR), 26 saves from 29 shots - (0.897), L, 4-2-0, 59:14 minutes
Players Stats for Edmonton Oilers
Player Name G A P +/- PIM S H SB GA TA FO MP PP MP PK MP
------------------------------------------------------------------------------------
Adrian Kempe 0 1 1 0 0 4 0 0 2 0 2/3 18:46 1:02 3:52
Boone Jenner 1 0 1 0 0 2 1 0 1 0 15/26 19:12 1:02 3:55
Brandon Carlo 0 1 1 1 5 0 2 0 0 2 0/0 17:44 1:20 3:45
Brett Pesce 0 0 0 -1 4 2 1 2 0 1 0/0 18:14 0:39 1:48
Brock Boeser 1 1 2 1 0 6 0 0 0 0 2/5 24:40 1:02 3:52
David Perron 0 0 0 -1 0 3 5 0 0 0 0/1 16:23 0:57 0:09
Dawson Mercer 1 0 1 1 0 2 1 0 0 0 0/0 13:52 0:00 0:00
Derek Grant 0 0 0 1 0 1 0 0 1 0 0/1 13:52 0:00 0:09
Dylan Holloway 0 0 0 1 0 0 2 0 0 0 2/4 7:33 0:00 0:00
Jacob Trouba 0 1 1 2 0 0 3 0 2 2 0/0 26:35 1:20 3:45
Jake DeBrusk 0 0 0 -1 2 4 1 1 1 0 0/2 16:11 0:57 0:00
Jeff Carter 0 1 1 1 0 2 0 0 0 0 2/5 13:45 0:00 0:00
Mikael Backlund 0 0 0 -1 0 0 2 0 2 1 6/10 20:09 0:57 3:55
Nick Holden 0 0 0 1 0 1 0 0 0 1 0/0 16:07 0:00 2:23
Rasmus Ristolainen 0 0 0 -2 0 1 0 3 0 3 0/0 20:55 0:39 4:11
Ryker Evans 0 0 0 0 2 0 1 3 0 0 0/0 8:22 0:00 0:00
Scott Mayfield 0 0 0 1 0 0 0 1 1 1 0/0 12:06 0:00 0:00
Tanner Jeannot 0 1 1 1 0 1 2 0 0 0 0/0 7:33 0:00 0:00
Players Stats for New York Rangers
Player Name G A P +/- PIM S H SB GA TA FO MP PP MP PK MP
------------------------------------------------------------------------------------
Adam Larsson 0 0 0 1 0 1 3 0 0 0 0/0 21:05 4:27 1:02
Artemi Panarin 1 0 1 1 0 6 0 1 1 0 0/3 18:52 3:57 0:00
Cam Fowler 0 0 0 -2 0 1 0 0 1 0 0/0 16:53 0:00 0:00
Cole Caufield 0 0 0 -1 5 2 0 0 0 0 0/1 16:22 3:59 0:03
Conor Garland 0 1 1 0 0 1 1 0 1 0 0/0 13:13 0:00 0:00
David Kampf 0 0 0 -1 0 1 1 0 0 0 3/3 9:14 0:00 0:57
Dmitry Kulikov 0 0 0 -2 0 0 3 0 0 1 0/0 17:41 0:00 0:57
Eric Robinson 0 0 0 -1 0 1 1 1 0 0 0/0 9:16 0:00 0:59
Filip Chytil 1 1 2 0 0 2 0 1 0 3 1/3 18:34 3:29 0:00
Gabriel Landeskog 0 0 0 -1 2 1 3 0 0 0 2/3 16:07 3:57 0:00
Jake McCabe 0 0 0 0 0 0 2 3 0 0 0/0 15:53 0:00 0:00
Mark Giordano 0 0 0 1 0 2 1 1 0 0 0/0 21:24 3:29 1:02
Mathew Barzal 0 0 0 -1 0 3 1 0 2 2 1/4 16:38 3:59 0:03
Matthew Benning 0 0 0 0 0 0 3 1 0 2 0/0 16:50 0:00 0:57
Mikael Granlund 0 1 1 0 0 3 3 0 2 0 5/8 17:37 3:59 0:00
Nathan MacKinnon 0 1 1 1 0 2 0 1 2 2 0/1 21:21 4:27 0:00
Pierre-Luc Dubois 0 0 0 1 0 1 6 0 2 0 16/31 21:45 3:57 0:59
Tyler Motte 0 0 0 -1 0 4 1 0 0 0 0/0 9:14 0:00 0:57
3 Stars
1 - Brock Boeser (EDM)
2 - Dawson Mercer (EDM)
3 - Jacob Trouba (EDM)
Power Play
Edmonton Oilers - 0 on 1 Attempt(s) - 0.00%
New York Rangers - 0 on 4 Attempt(s) - 0.00%
Penalty Kill
Edmonton Oilers - 4 on 4 Attempt(s) - 100.00%
- Score 0 goal in Penalty Kill
New York Rangers - 1 on 1 Attempt(s) - 100.00%
- Score 0 goal in Penalty Kill
Team Stat
Edmonton Oilers - Hits : 21 - Faceoff Wins : 29 - Blocked Shots : 10 - Penalty Minutes : 13
New York Rangers - Hits : 29 - Faceoff Wins : 28 - Blocked Shots : 9 - Penalty Minutes : 7
Official
Referees : Mike Leggo and Brad Meier
Linesman : Tim Nowak and Mark Wheler
Game Notes
Cole Caufield and Brandon Carlo fight to a draw at 2:16 of 3rd period
Finance
Level 1 -- Attendance: 6000 (100.00%) -- Ticket Income $612,000
Level 2 -- Attendance: 4915 (98.30%) -- Ticket Income $309,645
Level 3 -- Attendance: 2701 (90.03%) -- Ticket Income $110,741
Level 4 -- Attendance: 4722 (94.44%) -- Ticket Income $132,216
Luxury Box -- Attendance: 976 (97.60%) -- Ticket Income $190,320
Game was played at the Madison Square Garden.
Total Attendance: 19314 (96.57%)
Total Ticket Income: $1,354,922
Other Income: $474,223
Total Income: $1,829,145
Edmonton Oilers
5 vs 5 Forward
Center Left Wing Right Wing Time % Phy DF OF
1 Boone Jenner Adrian Kempe Brock Boeser 30 1 2 2
2 Mikael Backlund David Perron Jake DeBrusk 30 1 2 2
3 Jeff Carter Derek Grant Dawson Mercer 25 1 2 2
4 Dylan Holloway Tanner Jeannot Brock Boeser 15 1 2 2
5 vs 5 Defense
Defense Defense Time % Phy DF OF
1 Jacob Trouba Brandon Carlo 30 1 2 2
2 Rasmus Ristolainen Brett Pesce 30 1 2 2
3 Scott Mayfield Nick Holden 25 1 2 2
4 Ryker Evans Jacob Trouba 15 1 2 2
PowerPlay Forward
Center Left Wing Right Wing Time % Phy DF OF
1 Boone Jenner Adrian Kempe Brock Boeser 50 1 2 2
2 Mikael Backlund David Perron Jake DeBrusk 50 1 2 2
PowerPlay Defense
Defense Defense Time % Phy DF OF
1 Jacob Trouba Brandon Carlo 50 1 2 2
2 Rasmus Ristolainen Brett Pesce 50 1 2 2
Penalty Kill 4 Players Forward
Center Wing Time % Phy DF OF
1 Brock Boeser Adrian Kempe 50 1 2 2
2 Boone Jenner Mikael Backlund 50 1 2 2
Penalty Kill 4 Players Defense
Defense Defense Time % Phy DF OF
1 Jacob Trouba Brandon Carlo 50 1 2 2
2 Rasmus Ristolainen Brett Pesce 50 1 2 2
Penalty Kill - 3 Players Forward
Forward Time % Phy DF OF
1 Brock Boeser 50 1 2 2
2 Adrian Kempe 50 1 2 2
Penalty Kill - 3 Players Defense
Defense Defense Time % Phy DF OF
1 Jacob Trouba Brandon Carlo 50 1 2 2
2 Rasmus Ristolainen Brett Pesce 50 1 2 2
4 vs 4 Forward
Center Wing Time % Phy DF OF
1 Brock Boeser Adrian Kempe 50 1 2 2
2 Boone Jenner Mikael Backlund 50 1 2 2
4 vs 4 Defense
Defense Defense Time % Phy DF OF
1 Jacob Trouba Brandon Carlo 50 1 2 2
2 Rasmus Ristolainen Brett Pesce 50 1 2 2
Last Minutes Offensive
Center Left Wing Right Wing Defense Defense
Boone Jenner Adrian Kempe Brock Boeser Jacob Trouba Brandon Carlo
Last Minutes Defensive
Center Left Wing Right Wing Defense Defense
Boone Jenner Adrian Kempe Brock Boeser Jacob Trouba Brandon Carlo
Goaltenders
Starting : Juuse Saros
Backup : Matt Murray
Extra Forwards
Normal : Jeff Carter, Dawson Mercer, Derek Grant - PP : Jeff Carter, Dawson Mercer - PK : Derek Grant
Extra Defensemen
Normal : Scott Mayfield, Nick Holden, Ryker Evans - PP : Scott Mayfield - PK : Nick Holden, Ryker Evans
Penalty Shots
Brock Boeser, Adrian Kempe, Boone Jenner, Mikael Backlund, David Perron
New York Rangers
5 vs 5 Forward
Center Left Wing Right Wing Time % Phy DF OF
1 Pierre-Luc Dubois Artemi Panarin Nathan MacKinnon 37 0 1 4
2 Mathew Barzal Cole Caufield Gabriel Landeskog 30 1 1 3
3 Mikael Granlund Filip Chytil Conor Garland 23 1 2 2
4 David Kampf Eric Robinson Tyler Motte 10 1 3 1
5 vs 5 Defense
Defense Defense Time % Phy DF OF
1 Cam Fowler Dmitry Kulikov 35 1 2 2
2 Adam Larsson Mark Giordano 33 1 2 2
3 Matthew Benning Jake McCabe 32 1 2 2
4 Cam Fowler Adam Larsson 0 1 2 2
PowerPlay Forward
Center Left Wing Right Wing Time % Phy DF OF
1 Pierre-Luc Dubois Gabriel Landeskog Artemi Panarin 50 0 1 4
2 Mikael Granlund Mathew Barzal Cole Caufield 50 0 1 4
PowerPlay Defense
Defense Defense Time % Phy DF OF
1 Nathan MacKinnon Adam Larsson 60 1 1 3
2 Filip Chytil Mark Giordano 40 1 1 3
Penalty Kill 4 Players Forward
Center Wing Time % Phy DF OF
1 Pierre-Luc Dubois Eric Robinson 50 1 3 1
2 David Kampf Tyler Motte 50 1 3 1
Penalty Kill 4 Players Defense
Defense Defense Time % Phy DF OF
1 Matthew Benning Dmitry Kulikov 50 1 3 1
2 Adam Larsson Mark Giordano 50 1 3 1
Penalty Kill - 3 Players Forward
Forward Time % Phy DF OF
1 Pierre-Luc Dubois 50 1 2 2
2 David Kampf 50 1 2 2
Penalty Kill - 3 Players Defense
Defense Defense Time % Phy DF OF
1 Matthew Benning Dmitry Kulikov 50 1 3 1
2 Adam Larsson Mark Giordano 50 1 3 1
4 vs 4 Forward
Center Wing Time % Phy DF OF
1 Nathan MacKinnon Artemi Panarin 50 0 2 3
2 Pierre-Luc Dubois Cole Caufield 50 0 2 3
4 vs 4 Defense
Defense Defense Time % Phy DF OF
1 Cam Fowler Adam Larsson 50 1 2 2
2 Dmitry Kulikov Mark Giordano 50 1 2 2
Last Minutes Offensive
Center Left Wing Right Wing Defense Defense
Nathan MacKinnon Cole Caufield Pierre-Luc Dubois Cam Fowler Adam Larsson
Last Minutes Defensive
Center Left Wing Right Wing Defense Defense
David Kampf Tyler Motte Mikael Granlund Dmitry Kulikov Adam Larsson
Goaltenders
Starting : Igor Shesterkin
Backup : Tristan Jarry
Extra Forwards
Normal : Nathan MacKinnon, Pierre-Luc Dubois, Gabriel Landeskog - PP : Gabriel Landeskog, Cole Caufield - PK : David Kampf
Extra Defensemen
Normal : Matthew Benning, Jake McCabe, Dmitry Kulikov - PP : Matthew Benning - PK : Jake McCabe, Dmitry Kulikov
Penalty Shots
Artemi Panarin, Cole Caufield, Pierre-Luc Dubois, Mark Giordano, David Kampf
% Time on Ice - Edmonton Oilers
Lines # - Real PCT - Wanted PCT - Time Play
Normal Forward
1 - 28% - 30% - 13:41
2 - 31% - 30% - 15:08
3 - 26% - 25% - 12:31
4 - 15% - 15% - 7:33
Normal Defense
1 - 31% - 30% - 15:00
2 - 30% - 30% - 14:53
3 - 26% - 25% - 12:30
4 - 13% - 15% - 6:30
PP Forward
1 - 52% - 50% - 1:02
2 - 48% - 50% - 0:57
PP Defense
1 - 67% - 50% - 1:20
2 - 33% - 50% - 0:39
PK Forward
1 - 51% - 50% - 4:01
2 - 49% - 50% - 3:55
PK Defense
1 - 47% - 50% - 3:45
2 - 53% - 50% - 4:11
PK3 Forward
1 - 0% - 50%
2 - 0% - 50%
PK3 Defense
1 - 0% - 50%
2 - 0% - 50%
44 Forward
1 - 0% - 50%
2 - 0% - 50%
44 Defense
1 - 0% - 50%
2 - 0% - 50%
Last Minute Offensive - 0:00
Last Minute Defensive - 1:12
Total
Forward - 60:00
Defense - 60:00
|
% Time on Ice - New York Rangers
Lines # - Real PCT - Wanted PCT - Time Play
Normal Forward
1 - 30% - 37% - 14:55
2 - 26% - 30% - 12:36
3 - 27% - 23% - 13:13
4 - 17% - 10% - 8:17
Normal Defense
1 - 35% - 35% - 17:10
2 - 32% - 33% - 15:49
3 - 32% - 32% - 15:53
4 - 0% - 0% - 0:09
PP Forward
1 - 50% - 50% - 3:57
2 - 50% - 50% - 3:59
PP Defense
1 - 56% - 60% - 4:27
2 - 44% - 40% - 3:29
PK Forward
1 - 52% - 50% - 1:02
2 - 48% - 50% - 0:57
PK Defense
1 - 48% - 50% - 0:57
2 - 52% - 50% - 1:02
PK3 Forward
1 - 0% - 50%
2 - 0% - 50%
PK3 Defense
1 - 0% - 50%
2 - 0% - 50%
44 Forward
1 - 0% - 50%
2 - 0% - 50%
44 Defense
1 - 0% - 50%
2 - 0% - 50%
Last Minute Offensive - 1:04
Last Minute Defensive - 0:00
Total
Forward - 60:00
Defense - 60:00
|
Play-by-Play
1st period
0:01 of 1st period - Pierre-Luc Dubois wins face-off versus Boone Jenner in neutral zone.
0:10 of 1st period - Snap shot by Brock Boeser.
0:10 of 1st period - Stopped by Igor Shesterkin without a rebound.
0:11 of 1st period - Mikael Backlund wins face-off versus Mathew Barzal in New York Rangers zone.
1:29 of 1st period - Snap shot by Mathew Barzal.
1:29 of 1st period - Shot Misses the Net.
1:48 of 1st period - Off-side.
1:49 of 1st period - Pierre-Luc Dubois wins face-off versus Jeff Carter in neutral zone.
2:16 of 1st period - Jake McCabe is hit by Dylan Holloway and loses puck.
2:21 of 1st period - Snap shot by Brock Boeser.
2:21 of 1st period - Stopped by Igor Shesterkin without a rebound.
2:22 of 1st period - Mikael Granlund wins face-off versus Dylan Holloway in New York Rangers zone.
3:36 of 1st period - Brandon Carlo is hit by Dmitry Kulikov.
4:10 of 1st period - Wrist shot by Brock Boeser.
4:10 of 1st period - Shot Misses the Net.
4:48 of 1st period - Wrist shot by Brock Boeser.
4:48 of 1st period - Shot Misses the Net.
4:50 of 1st period - Wrist shot by Jacob Trouba.
4:50 of 1st period - Deflect By Brock Boeser.
4:50 of 1st period - Goal by Brock Boeser - Edmonton Oilers : 1 - New York Rangers : 0.
4:51 of 1st period - Jeff Carter wins face-off versus Pierre-Luc Dubois in neutral zone.
5:18 of 1st period - Mikael Backlund is hit by Matthew Benning and loses puck.
5:25 of 1st period - Snap shot by Tyler Motte.
5:25 of 1st period - Deflect By Eric Robinson.
5:25 of 1st period - Shot Misses the Net.
5:25 of 1st period - Puck is out of play.
5:26 of 1st period - Mikael Backlund wins face-off versus Pierre-Luc Dubois in Edmonton Oilers zone.
5:26 of 1st period - Mikael Backlund is hit by Pierre-Luc Dubois.
5:38 of 1st period - Snap shot by David Perron.
5:38 of 1st period - Stopped by Igor Shesterkin with a rebound.
6:54 of 1st period - Jake McCabe is hit by David Perron and loses puck.
8:14 of 1st period - Jake DeBrusk is hit by Mark Giordano and loses puck.
9:53 of 1st period - David Perron is hit by Jake McCabe and loses puck.
10:26 of 1st period - Rasmus Ristolainen is hit by Dmitry Kulikov and loses puck.
12:03 of 1st period - Nick Holden is hit by Pierre-Luc Dubois.
12:24 of 1st period - Mikael Backlund is hit by Matthew Benning and loses puck.
12:49 of 1st period - Rasmus Ristolainen is hit by Gabriel Landeskog and loses puck.
13:12 of 1st period - Snap shot by Tyler Motte.
13:12 of 1st period - Stopped by Juuse Saros without a rebound.
13:13 of 1st period - Pierre-Luc Dubois wins face-off versus Mikael Backlund in Edmonton Oilers zone.
13:27 of 1st period - Minor Penalty to Jake DeBrusk for Hooking.
13:28 of 1st period - Pierre-Luc Dubois wins face-off versus Brock Boeser in Edmonton Oilers zone.
14:09 of 1st period - Brett Pesce is hit by Mathew Barzal and loses puck.
15:27 of 1st period - Penalty to Jake DeBrusk is over, Jake DeBrusk is back on ice.
15:42 of 1st period - Snap shot by Dawson Mercer.
15:42 of 1st period - Stopped by Igor Shesterkin with a rebound.
15:54 of 1st period - Slapshot by Filip Chytil.
15:54 of 1st period - Stopped by Juuse Saros without a rebound.
15:55 of 1st period - David Kampf wins face-off versus Mikael Backlund in Edmonton Oilers zone.
16:02 of 1st period - Wrist shot by Tyler Motte.
16:02 of 1st period - Stopped by Juuse Saros with a rebound.
16:04 of 1st period - Slapshot by Matthew Benning.
16:04 of 1st period - Shot Misses the Net.
16:06 of 1st period - Slapshot by Jake McCabe.
16:06 of 1st period - Shot Blocked by Jake DeBrusk.
16:08 of 1st period - Snap shot by David Kampf.
16:08 of 1st period - Shot Misses the Net.
16:10 of 1st period - Wrist shot by Eric Robinson.
16:10 of 1st period - Stopped by Juuse Saros without a rebound.
16:11 of 1st period - Boone Jenner wins face-off versus Pierre-Luc Dubois in Edmonton Oilers zone.
16:28 of 1st period - Snap shot by Adrian Kempe.
16:28 of 1st period - Stopped by Igor Shesterkin with a rebound.
16:58 of 1st period - Gabriel Landeskog is hit by Mikael Backlund and loses puck.
17:13 of 1st period - Dmitry Kulikov is hit by Brandon Carlo and loses puck.
17:59 of 1st period - Snap shot by Nathan MacKinnon.
17:59 of 1st period - Shot Hit the Post.
18:01 of 1st period - Snap shot by Adam Larsson.
18:01 of 1st period - Shot Blocked by Brett Pesce.
18:03 of 1st period - Snap shot by Mark Giordano.
18:03 of 1st period - Deflect By Rasmus Ristolainen.
18:03 of 1st period - Stopped by Juuse Saros with a rebound.
18:37 of 1st period - Gabriel Landeskog is hit by Jake DeBrusk and loses puck.
18:48 of 1st period - Snap shot by Adrian Kempe.
18:48 of 1st period - Deflect By Mathew Barzal.
18:48 of 1st period - Shot Misses the Net.
18:48 of 1st period - Puck is out of play.
18:49 of 1st period - Pierre-Luc Dubois wins face-off versus Boone Jenner in New York Rangers zone.
18:58 of 1st period - Slapshot by Nathan MacKinnon.
18:58 of 1st period - Stopped by Juuse Saros without a rebound.
18:59 of 1st period - Jeff Carter wins face-off versus Pierre-Luc Dubois in Edmonton Oilers zone.
18:59 of 1st period - Jeff Carter is hit by Jake McCabe.
19:05 of 1st period - Nathan MacKinnon is hit by Dawson Mercer and loses puck.
19:18 of 1st period - Snap shot by Artemi Panarin.
19:18 of 1st period - Stopped by Juuse Saros without a rebound.
19:19 of 1st period - Adrian Kempe wins face-off versus Mathew Barzal in Edmonton Oilers zone.
19:32 of 1st period - Snap shot by Boone Jenner.
19:32 of 1st period - Shot Hit the Post.
19:34 of 1st period - Snap shot by Boone Jenner.
19:34 of 1st period - Goal by Boone Jenner - Edmonton Oilers : 2 - New York Rangers : 0.
19:35 of 1st period - Boone Jenner wins face-off versus Artemi Panarin in neutral zone.
Goals for this period are 2 for Edmonton Oilers vs 0 for New York Rangers.
Shots for this period are 7 for Edmonton Oilers vs 7 for New York Rangers.
2nd period
0:01 of 2nd period - Boone Jenner wins face-off versus Artemi Panarin in neutral zone.
0:50 of 2nd period - Mikael Granlund is hit by Ryker Evans and loses puck.
1:11 of 2nd period - Boone Jenner is hit by Tyler Motte and loses puck.
1:57 of 2nd period - Dawson Mercer is hit by Adam Larsson and loses puck.
2:04 of 2nd period - Slapshot by Cole Caufield.
2:04 of 2nd period - Shot Blocked by Rasmus Ristolainen.
2:06 of 2nd period - Slapshot by Mathew Barzal.
2:06 of 2nd period - Stopped by Juuse Saros with a rebound.
2:08 of 2nd period - Wrist shot by Gabriel Landeskog.
2:08 of 2nd period - Stopped by Juuse Saros without a rebound.
2:09 of 2nd period - Mikael Backlund wins face-off versus Filip Chytil in Edmonton Oilers zone.
2:09 of 2nd period - Mikael Backlund is hit by Mikael Granlund.
2:21 of 2nd period - Snap shot by Conor Garland.
2:21 of 2nd period - Stopped by Juuse Saros without a rebound.
2:22 of 2nd period - Adrian Kempe wins face-off versus Pierre-Luc Dubois in Edmonton Oilers zone.
2:39 of 2nd period - Snap shot by Boone Jenner.
2:39 of 2nd period - Shot Misses the Net.
2:49 of 2nd period - Pierre-Luc Dubois is hit by Brandon Carlo and loses puck.
2:56 of 2nd period - Wrist shot by Jake DeBrusk.
2:56 of 2nd period - Stopped by Igor Shesterkin with a rebound.
2:58 of 2nd period - Snap shot by David Perron.
2:58 of 2nd period - Stopped by Igor Shesterkin with a rebound.
3:22 of 2nd period - Wrist shot by Mathew Barzal.
3:22 of 2nd period - Shot Blocked by Brett Pesce.
4:01 of 2nd period - Jake DeBrusk is hit by David Kampf and loses puck.
4:19 of 2nd period - Slapshot by Jake DeBrusk.
4:19 of 2nd period - Deflect By Cole Caufield.
4:19 of 2nd period - Stopped by Igor Shesterkin without a rebound.
4:20 of 2nd period - Dylan Holloway wins face-off versus Artemi Panarin in New York Rangers zone.
4:23 of 2nd period - Wrist shot by Brock Boeser.
4:23 of 2nd period - Shot Blocked by Artemi Panarin.
4:25 of 2nd period - Snap shot by Tanner Jeannot.
4:25 of 2nd period - Stopped by Igor Shesterkin without a rebound.
4:26 of 2nd period - Boone Jenner wins face-off versus Pierre-Luc Dubois in New York Rangers zone.
4:27 of 2nd period - Snap shot by Brock Boeser.
4:27 of 2nd period - Shot Blocked by Mark Giordano.
4:29 of 2nd period - Slapshot by Nick Holden.
4:29 of 2nd period - Stopped by Igor Shesterkin without a rebound.
4:30 of 2nd period - Pierre-Luc Dubois wins face-off versus Boone Jenner in New York Rangers zone.
4:43 of 2nd period - Wrist shot by Brock Boeser.
4:43 of 2nd period - Stopped by Igor Shesterkin without a rebound.
4:44 of 2nd period - Pierre-Luc Dubois wins face-off versus Boone Jenner in New York Rangers zone.
4:55 of 2nd period - Slapshot by Artemi Panarin.
4:55 of 2nd period - Stopped by Juuse Saros without a rebound.
4:56 of 2nd period - Brock Boeser wins face-off versus Pierre-Luc Dubois in Edmonton Oilers zone.
5:23 of 2nd period - Jeff Carter is hit by Gabriel Landeskog and loses puck.
6:15 of 2nd period - Slapshot by Brock Boeser.
6:15 of 2nd period - Stopped by Igor Shesterkin without a rebound.
6:16 of 2nd period - Pierre-Luc Dubois wins face-off versus Boone Jenner in New York Rangers zone.
7:09 of 2nd period - Wrist shot by Conor Garland.
7:09 of 2nd period - Shot Misses the Net.
7:31 of 2nd period - Tyler Motte is hit by Dylan Holloway and loses puck.
7:41 of 2nd period - Minor Penalty to Ryker Evans for Holding.
7:42 of 2nd period - Boone Jenner wins face-off versus Mikael Granlund in Edmonton Oilers zone.
7:54 of 2nd period - Snap shot by Mikael Granlund.
7:54 of 2nd period - Stopped by Juuse Saros with a rebound.
8:08 of 2nd period - Rasmus Ristolainen is hit by Pierre-Luc Dubois and loses puck.
8:17 of 2nd period - Slapshot by Pierre-Luc Dubois.
8:17 of 2nd period - Stopped by Juuse Saros without a rebound.
8:18 of 2nd period - Mikael Granlund wins face-off versus Boone Jenner in Edmonton Oilers zone.
8:32 of 2nd period - Slapshot by Mathew Barzal.
8:32 of 2nd period - Stopped by Juuse Saros with a rebound.
8:34 of 2nd period - Slapshot by Mark Giordano.
8:34 of 2nd period - Deflect By Mikael Backlund.
8:34 of 2nd period - Stopped by Juuse Saros with a rebound.
8:56 of 2nd period - Artemi Panarin is hit by Jacob Trouba.
9:41 of 2nd period - Penalty to Ryker Evans is over, Ryker Evans is back on ice.
9:46 of 2nd period - Wrist shot by Derek Grant.
9:46 of 2nd period - Stopped by Igor Shesterkin with a rebound.
9:48 of 2nd period - Wrist shot by Dawson Mercer.
9:48 of 2nd period - Shot Misses the Net.
9:50 of 2nd period - Slapshot by Brett Pesce.
9:50 of 2nd period - Shot Blocked by Eric Robinson.
9:52 of 2nd period - Slapshot by Rasmus Ristolainen.
9:52 of 2nd period - Stopped by Igor Shesterkin without a rebound.
9:53 of 2nd period - David Kampf wins face-off versus Jeff Carter in New York Rangers zone.
10:04 of 2nd period - Wrist shot by Tyler Motte.
10:04 of 2nd period - Stopped by Juuse Saros with a rebound.
10:06 of 2nd period - Snap shot by David Kampf.
10:06 of 2nd period - Deflect By Scott Mayfield.
10:06 of 2nd period - Stopped by Juuse Saros with a rebound.
10:08 of 2nd period - Slapshot by Jake McCabe.
10:08 of 2nd period - Shot Blocked by Scott Mayfield.
10:18 of 2nd period - Tanner Jeannot is hit by Gabriel Landeskog and loses puck.
10:27 of 2nd period - Snap shot by Brock Boeser.
10:27 of 2nd period - Shot Misses the Net.
10:41 of 2nd period - Snap shot by David Perron.
10:41 of 2nd period - Shot Misses the Net.
11:01 of 2nd period - Wrist shot by Derek Grant.
11:01 of 2nd period - Shot Blocked by Jake McCabe.
11:04 of 2nd period - Icing by Jake McCabe.
11:05 of 2nd period - Pierre-Luc Dubois wins face-off versus Jeff Carter in New York Rangers zone.
11:29 of 2nd period - Snap shot by Jeff Carter.
11:29 of 2nd period - Stopped by Igor Shesterkin without a rebound.
11:30 of 2nd period - Mathew Barzal wins face-off versus Boone Jenner in New York Rangers zone.
11:56 of 2nd period - Mikael Backlund is hit by Conor Garland and loses puck.
12:05 of 2nd period - Filip Chytil is hit by David Perron and loses puck.
12:20 of 2nd period - Snap shot by Dawson Mercer.
12:20 of 2nd period - Goal by Dawson Mercer - Edmonton Oilers : 3 - New York Rangers : 0.
12:21 of 2nd period - Boone Jenner wins face-off versus Nathan MacKinnon in neutral zone.
12:57 of 2nd period - Snap shot by Cole Caufield.
12:57 of 2nd period - Shot Misses the Net.
15:25 of 2nd period - Brock Boeser is hit by Adam Larsson and loses puck.
15:42 of 2nd period - Slapshot by Artemi Panarin.
15:42 of 2nd period - Goal by Artemi Panarin - Edmonton Oilers : 3 - New York Rangers : 1.
15:43 of 2nd period - Pierre-Luc Dubois wins face-off versus Mikael Backlund in neutral zone.
15:54 of 2nd period - Snap shot by Nathan MacKinnon.
15:54 of 2nd period - Stopped by Juuse Saros without a rebound.
15:55 of 2nd period - Boone Jenner wins face-off versus Pierre-Luc Dubois in Edmonton Oilers zone.
16:22 of 2nd period - Jake McCabe is hit by David Perron and loses puck.
16:31 of 2nd period - Snap shot by David Perron.
16:31 of 2nd period - Shot Blocked by Jake McCabe.
16:44 of 2nd period - Minor Penalty to Gabriel Landeskog for Hooking.
16:45 of 2nd period - Boone Jenner wins face-off versus Pierre-Luc Dubois in New York Rangers zone.
16:50 of 2nd period - Snap shot by Adrian Kempe.
16:50 of 2nd period - Stopped by Igor Shesterkin without a rebound.
16:51 of 2nd period - Pierre-Luc Dubois wins face-off versus Boone Jenner in New York Rangers zone.
18:44 of 2nd period - Penalty to Gabriel Landeskog is over, Gabriel Landeskog is back on ice.
19:11 of 2nd period - Brandon Carlo is hit by Matthew Benning and loses puck.
19:20 of 2nd period - Wrist shot by Dawson Mercer.
19:20 of 2nd period - Shot Blocked by Matthew Benning.
19:22 of 2nd period - Snap shot by Jeff Carter.
19:22 of 2nd period - Deflect By Mathew Barzal.
19:22 of 2nd period - Stopped by Igor Shesterkin without a rebound.
19:23 of 2nd period - Dylan Holloway wins face-off versus Filip Chytil in New York Rangers zone.
19:32 of 2nd period - Mikael Granlund is hit by Tanner Jeannot and loses puck.
Goals for this period are 1 for Edmonton Oilers vs 1 for New York Rangers.
Shots for this period are 13 for Edmonton Oilers vs 12 for New York Rangers.
3rd period
0:01 of 3rd period - Boone Jenner wins face-off versus Pierre-Luc Dubois in neutral zone.
0:12 of 3rd period - Snap shot by Adrian Kempe.
0:12 of 3rd period - Deflect By Brock Boeser.
0:12 of 3rd period - Shot Misses the Net.
0:12 of 3rd period - Puck is out of play.
0:13 of 3rd period - Pierre-Luc Dubois wins face-off versus Boone Jenner in New York Rangers zone.
0:13 of 3rd period - Pierre-Luc Dubois is hit by Jacob Trouba.
0:28 of 3rd period - Off-side.
0:29 of 3rd period - Mikael Backlund wins face-off versus Mathew Barzal in neutral zone.
0:32 of 3rd period - Mathew Barzal is hit by David Perron and loses puck.
0:37 of 3rd period - Snap shot by David Perron.
0:37 of 3rd period - Stopped by Igor Shesterkin without a rebound.
0:38 of 3rd period - Mikael Backlund wins face-off versus Gabriel Landeskog in New York Rangers zone.
0:56 of 3rd period - Wrist shot by David Perron.
0:56 of 3rd period - Shot Misses the Net.
0:58 of 3rd period - Wrist shot by Jake DeBrusk.
0:58 of 3rd period - Stopped by Igor Shesterkin without a rebound.
0:59 of 3rd period - Boone Jenner wins face-off versus Pierre-Luc Dubois in New York Rangers zone.
1:08 of 3rd period - Adrian Kempe is hit by Pierre-Luc Dubois and loses puck.
1:38 of 3rd period - Wrist shot by Boone Jenner.
1:38 of 3rd period - Stopped by Igor Shesterkin with a rebound.
1:40 of 3rd period - Backhand shot by Brett Pesce.
1:40 of 3rd period - Stopped by Igor Shesterkin with a rebound.
1:42 of 3rd period - Snap shot by Adrian Kempe.
1:42 of 3rd period - Shot Misses the Net.
1:44 of 3rd period - Wrist shot by Adrian Kempe.
1:44 of 3rd period - Deflect By Conor Garland.
1:44 of 3rd period - Stopped by Igor Shesterkin with a rebound.
1:46 of 3rd period - Slapshot by Brett Pesce.
1:46 of 3rd period - Stopped by Igor Shesterkin without a rebound.
1:47 of 3rd period - Mikael Backlund wins face-off versus Pierre-Luc Dubois in New York Rangers zone.
1:58 of 3rd period - Snap shot by Jake DeBrusk.
1:58 of 3rd period - Stopped by Igor Shesterkin without a rebound.
1:59 of 3rd period - Pierre-Luc Dubois wins face-off versus Mikael Backlund in New York Rangers zone.
2:04 of 3rd period - Slapshot by Nathan MacKinnon.
2:04 of 3rd period - Shot Misses the Net.
2:06 of 3rd period - Slapshot by Cam Fowler.
2:06 of 3rd period - Shot Hit the Post.
2:12 of 3rd period - Wrist shot by Artemi Panarin.
2:12 of 3rd period - Stopped by Juuse Saros with a rebound.
2:14 of 3rd period - Snap shot by Artemi Panarin.
2:14 of 3rd period - Stopped by Juuse Saros without a rebound.
2:15 of 3rd period - Boone Jenner wins face-off versus Cole Caufield in Edmonton Oilers zone.
2:15 of 3rd period - Boone Jenner is hit by Adam Larsson.
2:16 of 3rd period - Cole Caufield and Brandon Carlo fight to a draw.
2:16 of 3rd period - Penalty to Cole Caufield for Fighting.
2:16 of 3rd period - Penalty to Brandon Carlo for Fighting.
2:17 of 3rd period - Boone Jenner wins face-off versus Pierre-Luc Dubois in Edmonton Oilers zone.
2:26 of 3rd period - Scott Mayfield is hit by Pierre-Luc Dubois and loses puck.
2:59 of 3rd period - Icing by Gabriel Landeskog.
3:00 of 3rd period - Gabriel Landeskog wins face-off versus David Perron in New York Rangers zone.
3:09 of 3rd period - Wrist shot by Mathew Barzal.
3:09 of 3rd period - Stopped by Juuse Saros without a rebound.
3:10 of 3rd period - Mikael Granlund wins face-off versus Boone Jenner in Edmonton Oilers zone.
3:52 of 3rd period - Snap shot by Mikael Granlund.
3:52 of 3rd period - Shot Blocked by Ryker Evans.
3:54 of 3rd period - Slapshot by Matthew Benning.
3:54 of 3rd period - Shot Blocked by Ryker Evans.
3:56 of 3rd period - Slapshot by Matthew Benning.
3:56 of 3rd period - Shot Blocked by Ryker Evans.
4:00 of 3rd period - Wrist shot by Mikael Granlund.
4:00 of 3rd period - Stopped by Juuse Saros without a rebound.
4:01 of 3rd period - Pierre-Luc Dubois wins face-off versus Jake DeBrusk in Edmonton Oilers zone.
4:06 of 3rd period - Wrist shot by Artemi Panarin.
4:06 of 3rd period - Stopped by Juuse Saros without a rebound.
4:07 of 3rd period - Pierre-Luc Dubois wins face-off versus Jake DeBrusk in Edmonton Oilers zone.
6:03 of 3rd period - Jake McCabe is hit by Jacob Trouba and loses puck.
6:38 of 3rd period - Adam Larsson is hit by Tanner Jeannot and loses puck.
7:31 of 3rd period - Brett Pesce is hit by Pierre-Luc Dubois and loses puck.
7:46 of 3rd period - Boone Jenner is hit by Eric Robinson and loses puck.
8:03 of 3rd period - Wrist shot by Cole Caufield.
8:03 of 3rd period - Stopped by Juuse Saros with a rebound.
8:17 of 3rd period - Snap shot by Adrian Kempe.
8:17 of 3rd period - Stopped by Igor Shesterkin with a rebound.
9:27 of 3rd period - Slapshot by Derek Grant.
9:27 of 3rd period - Shot Misses the Net.
10:07 of 3rd period - Jake DeBrusk is hit by Dmitry Kulikov and loses puck.
10:14 of 3rd period - Filip Chytil is hit by David Perron and loses puck.
10:27 of 3rd period - David Perron is hit by Mikael Granlund and loses puck.
11:10 of 3rd period - Backhand shot by Jake DeBrusk.
11:10 of 3rd period - Shot Blocked by Filip Chytil.
11:17 of 3rd period - Icing by Conor Garland.
11:18 of 3rd period - Mikael Granlund wins face-off versus Adrian Kempe in New York Rangers zone.
11:35 of 3rd period - Wrist shot by Filip Chytil.
11:35 of 3rd period - Goal by Filip Chytil - Edmonton Oilers : 3 - New York Rangers : 2.
11:36 of 3rd period - Boone Jenner wins face-off versus Pierre-Luc Dubois in neutral zone.
12:07 of 3rd period - Snap shot by Mathew Barzal.
12:07 of 3rd period - Shot Misses the Net.
12:29 of 3rd period - Snap shot by Dylan Holloway.
12:29 of 3rd period - Deflect By Brock Boeser.
12:29 of 3rd period - Shot Blocked by Jake McCabe.
12:29 of 3rd period - Puck is out of play.
12:30 of 3rd period - David Kampf wins face-off versus Dylan Holloway in New York Rangers zone.
12:35 of 3rd period - Backhand shot by Tyler Motte.
12:35 of 3rd period - Stopped by Juuse Saros with a rebound.
12:39 of 3rd period - Wrist shot by Tyler Motte.
12:39 of 3rd period - Shot Misses the Net.
12:44 of 3rd period - Minor Penalty to Brett Pesce for Interference.
12:45 of 3rd period - Mikael Granlund wins face-off versus Brock Boeser in Edmonton Oilers zone.
12:45 of 3rd period - Snap shot by Mathew Barzal.
12:45 of 3rd period - Shot Blocked by Rasmus Ristolainen.
12:47 of 3rd period - Snap shot by Mathew Barzal.
12:47 of 3rd period - Shot Misses the Net.
12:59 of 3rd period - Mathew Barzal is hit by Boone Jenner and loses puck.
14:04 of 3rd period - Icing by Gabriel Landeskog.
14:05 of 3rd period - Brock Boeser wins face-off versus Pierre-Luc Dubois in New York Rangers zone.
14:08 of 3rd period - Snap shot by Adrian Kempe.
14:08 of 3rd period - Shot Misses the Net.
14:24 of 3rd period - Slapshot by Mathew Barzal.
14:24 of 3rd period - Shot Misses the Net.
14:26 of 3rd period - Slapshot by Mikael Granlund.
14:26 of 3rd period - Stopped by Juuse Saros without a rebound.
14:27 of 3rd period - Boone Jenner wins face-off versus Mikael Granlund in Edmonton Oilers zone.
14:44 of 3rd period - Penalty to Brett Pesce is over, Brett Pesce is back on ice.
14:58 of 3rd period - Slapshot by Adam Larsson.
14:58 of 3rd period - Deflect By Jeff Carter.
14:58 of 3rd period - Stopped by Juuse Saros with a rebound.
15:16 of 3rd period - Slapshot by Cole Caufield.
15:16 of 3rd period - Stopped by Juuse Saros with a rebound.
15:30 of 3rd period - Nathan MacKinnon is hit by Mikael Backlund.
15:42 of 3rd period - Snap shot by Cam Fowler.
15:42 of 3rd period - Stopped by Juuse Saros without a rebound.
15:43 of 3rd period - Filip Chytil wins face-off versus Boone Jenner in Edmonton Oilers zone.
16:24 of 3rd period - Slapshot by Brock Boeser.
16:24 of 3rd period - Stopped by Igor Shesterkin without a rebound.
16:25 of 3rd period - Pierre-Luc Dubois wins face-off versus Derek Grant in New York Rangers zone.
16:25 of 3rd period - Pierre-Luc Dubois is hit by Brett Pesce.
16:36 of 3rd period - Snap shot by Pierre-Luc Dubois.
16:36 of 3rd period - Shot Misses the Net.
16:40 of 3rd period - Backhand shot by Nathan MacKinnon.
16:40 of 3rd period - Shot Misses the Net.
16:42 of 3rd period - Snap shot by Pierre-Luc Dubois.
16:42 of 3rd period - Shot Blocked by Rasmus Ristolainen.
16:48 of 3rd period - Minor Penalty to Brett Pesce for High sticking.
16:49 of 3rd period - Gabriel Landeskog wins face-off versus Brock Boeser in Edmonton Oilers zone.
17:16 of 3rd period - Brock Boeser is hit by Mikael Granlund and loses puck.
18:12 of 3rd period - Icing by Nathan MacKinnon.
18:13 of 3rd period - Boone Jenner wins face-off versus Mikael Granlund in New York Rangers zone.
18:48 of 3rd period - Penalty to Brett Pesce is over, Brett Pesce is back on ice.
19:14 of 3rd period - New York Rangers, Igor Shesterkin is pulled from the net.
19:54 of 3rd period - Snap shot by Jeff Carter.
19:54 of 3rd period - Shot Blocked by Nathan MacKinnon.
Goals for this period are 0 for Edmonton Oilers vs 1 for New York Rangers.
Shots for this period are 9 for Edmonton Oilers vs 12 for New York Rangers.
Back to the Top